 Dungeon Crawl Stone Soup version 0.19.5 (webtiles) character file.

7660 tilp the Blocker (level 11, -2/56 HPs)
             Began as a Vine Stalker Assassin on Mar 2, 2017.
             Was a High Priest of Okawaru.
             Killed from afar by DrClinical's ghost (10 damage)
             ... with a bolt of negative energy
             ... on level 9 of the Dungeon on Mar 3, 2017.
             The game lasted 01:07:12 (8437 turns).

tilp the Blocker (Vine Stalker Assassin)            Turns: 8437, Time: 01:07:13

Health: -2/56      AC: 12    Str: 17    XL:     11   Next: 18%
Magic:  0/12       EV:  7    Int: 11    God:    Okawaru [*****.]
Gold:   612        SH:  0    Dex: 16    Spells: 1 memorised, 6 levels left

rFire  . . .     SeeInvis .     W - +4 dagger (venom)
rCold  . . .     Gourm    .     C - +2 scale mail {MR+}
rNeg   . . .     Faith    .     k - +0 large shield
rPois  .         Spirit   +     o - +0 helmet
rElec  .         Reflect  +     d - +0 cloak
rCorr  .         Harm     .     I - +0 pair of gloves
MR     ++...                    (no boots)
Stlth  +.........               F - +5 amulet of reflection
                                (no ring)
                                y - ring of stealth

@: confused, heavily drained
A: fangs 3, regeneration 1, screaming 1, magic shield, antimagic bite, no device
heal 3, rot immunity
a: Heroism, Finesse, Renounce Religion


You were on level 9 of the Dungeon.
You worshipped Okawaru.
Okawaru was extremely pleased with you.
You were hungry.

You visited 1 branch of the dungeon, and saw 9 of its levels.
You also visited: Ossuary.

You collected 726 gold pieces.
You spent 114 gold pieces at shops.

Inventory:

Hand Weapons
 b - a +0 blowgun
 t - a +4 hunting sling
 D - a +2 dagger of protection
 W - a +4 dagger of venom (weapon)
Missiles
 e - 29 poisoned needles (quivered)
 f - 2 curare-tipped needles
Armour
 d - a +0 cloak (worn)
 k - a +0 large shield (worn)
 m - the +1 ring mail of the Barracuda {-Tele MR+ MP+9}
   (Okawaru gifted it to you on level 8 of the Dungeon)

   It affects your resistance to hostile enchantments.
   It affects your magic capacity (+9).
   It prevents most forms of teleportation.
 o - a +0 helmet (worn)
 s - a +3 ring mail
 w - the +2 robe of a treasure trove {rC+ MR+}
   (You found it on level 4 of the Dungeon)

   It protects you from cold.
   It affects your resistance to hostile enchantments.
 C - a +2 scale mail of magic resistance (worn)
 I - a +0 pair of gloves (worn)
Jewellery
 y - a ring of stealth (left hand)
 F - a +5 amulet of reflection (around neck)
 G - an uncursed ring of flight
 Y - an uncursed ring of protection from magic {unknown}
Wands
 c - a wand of disintegration (13/24)
 l - a wand of teleportation (7/9)
 v - a wand of digging (5/24)
 O - a wand of polymorph (15/24)
 Q - a wand of paralysis (8/24)
 T - a wand of iceblast (7/15)
Scrolls
 j - 5 scrolls of teleportation
 p - a scroll of acquirement {unknown}
 B - a scroll of random uselessness {unknown}
 E - 3 scrolls of remove curse
 H - 2 scrolls of recharging
 M - 2 scrolls of amnesia
 R - a scroll of identify
 S - 2 scrolls of fear
 X - a scroll of vulnerability {unknown}
Potions
 a - a potion of haste {unknown}
 h - a potion of beneficial mutation {unknown}
 n - 4 potions of brilliance
 r - a potion of agility
 x - a potion of magic {unknown}
 z - a potion of invisibility {unknown}
 A - a potion of ambrosia {unknown}
 J - a potion of lignification {unknown}
 K - a potion of mutation {unknown}
 L - a potion of berserk rage {unknown}
 N - a potion of cure mutation {unknown}
 U - a potion of experience {unknown}
 V - a potion of flight {unknown}
Comestibles
 g - 8 bread rations
 i - 5 meat rations
 q - 5 chunks of flesh
 u - a royal jelly
 P - a slice of pizza


   Skills:
 + Level 5.2(3.2) Fighting
 + Level 8.2(6.1) Short Blades
 + Level 2.0(0.2) Throwing
 + Level 5.4(3.4) Armour
 + Level 4.3(2.4) Dodging
 + Level 8.2(6.1) Stealth
 + Level 8.3(6.2) Shields
 + Level 0.4(0.0) Invocations


You had 6 spell levels left.
You knew the following spells:

 Your Spells              Type           Power        Failure   Level  Hunger
a - Summon Lightning Spi  Summ/Air       #.......     100%        4    #####..


Dungeon Overview and Level Annotations

Branches:
Dungeon (9/15)             Temple (0/1) D:6
   Lair: D:8-11         Orc: D:9-12

Altars:
Dithmenos
Fedhas
Kikubaaqudgha
Okawaru
Ru
Sif Muna
Trog
Uskayaw
Xom
Yredelemnul

Shops:
D:4 ?   D:5 }

Annotations:
D:9 DrClinical's ghost, novice DrCj


Innate Abilities, Weirdness & Mutations

You have razor-sharp teeth.
Your natural rate of healing is unusually fast.
When hurt, damage is shared between your health and your magic reserves.
Your bite disrupts and absorbs the magic of your enemies.
Potions and wands cannot restore your health.
You are immune to rotting.
You occasionally shout uncontrollably at your foes.


Message History

You are confused.
DrClinical's ghost breathes negative energy at you.
The bolt of negative energy hits you!
You feel drained.
DrClinical's ghost points at you and mumbles some strange words.
The magic dart hits you!
DrClinical's ghost falters for a moment.
DrClinical's ghost gestures at you while chanting.
The magic dart hits you!
You hit DrClinical's ghost but do no damage.
You bite DrClinical's ghost!
DrClinical's ghost's magic leaks into the air.
You drain its magic.
You feel invigorated.
DrClinical's ghost is almost destroyed.
You are feeling hungry.
DrClinical's ghost breathes negative energy at you.
The bolt of negative energy hits you!
You feel drained.
* * * LOW HITPOINT WARNING * * *
DrClinical's ghost breathes negative energy at you.
The bolt of negative energy hits you!
You feel drained.
You die...

.#
###########.##
#............#
#?...........#
#............#
#............#
#(...W.......#
#............#
#....@.......#
#............#
#########.####
#....# #.####
###.# #...#
####'########
#............


You could see DrClinical's ghost.

Vanquished Creatures
  Erica (D:8)
  The ghost of Dustman the Carver, a novice MiGl (D:5)
  Maurice (D:9)
  A troll (D:9)
  A two-headed ogre (D:8)
  Prince Ribbit (D:7)
  2 hippogriffs (D:8)
  A spriggan (D:8)
  A basilisk (D:8)
  Grum (D:7)
  Menkaure (D:4)
  4 orc warriors
  3 ice beasts
  2 sky beasts
  A necrophage (D:5)
  5 ogres
  3 wolves (D:7)
  A centaur (D:6)
  2 phantoms
  A crocodile (D:7)
  6 bullfrogs
  A big kobold (D:8)
  2 gnoll sergeants
  An elf zombie (Ossuary)
  14 killer bees
  5 wights
  3 howler monkeys
  A crimson imp (D:5)
  A centaur skeleton (D:4)
  An orc wizard (D:6)
  4 hounds
  3 jellies
  3 human zombies (Ossuary)
  An orc priest (D:4)
  An iguana (D:6)
  7 worker ants
  A hound zombie (Ossuary)
  4 mummies
  25 gnolls
  A howler monkey skeleton (D:7)
  8 adders
  A shadow imp (D:5)
  9 adder zombies
  An adder skeleton (D:9)
  5 worms
  2 dart slugs
  5 leopard geckos
  32 orcs
  13 bats
  7 giant cockroaches
  6 goblins
  12 hobgoblins
  7 jackals
  11 kobolds
  2 quokkas (D:4)
  4 frilled lizards
  A gnoll zombie (Ossuary)
  4 goblin zombies (Ossuary)
  4 hobgoblin zombies (Ossuary)
  4 jackal zombies
  3 kobold zombies (Ossuary)
  2 orc zombies (Ossuary)
  5 quokka zombies (Ossuary)
  12 rats
  3 rat zombies (Ossuary)
282 creatures vanquished.

Vanquished Creatures (others)
  A centaur (D:8)
  An orc wizard (D:4)
  5 plants (D:8)
7 creatures vanquished.

Grand Total: 289 creatures vanquished

Notes
Turn   | Place    | Note
-------+----------+-------------------------------------------
     0 | D:1      | tilp the Vine Stalker Assassin began the quest for the Orb.
     0 | D:1      | Reached XP level 1. HP: 11/11 MP: 2/2
    62 | D:1      | Reached skill level 5 in Stealth
   140 | D:1      | Reached skill level 1 in Dodging
   140 | D:1      | Reached XP level 2. HP: 7/15 MP: 3/3
   471 | D:1      | Reached XP level 3. HP: 18/18 MP: 4/4
   954 | D:2      | Found an iron altar of Okawaru.
   968 | D:2      | Became a worshipper of Warmaster Okawaru
  1099 | D:2      | Gained mutation: Your natural rate of healing is unusually fast. [Vine Stalker growth]
  1099 | D:2      | Reached XP level 4. HP: 23/23 MP: 5/5
  2013 | D:3      | Reached XP level 5. HP: 27/27 MP: 6/6
  2157 | D:3      | Found a blossoming altar of Fedhas.
  2157 | D:3      | Found a hide-covered altar of Uskayaw.
  2400 | D:4      | Reached skill level 1 in Armour
  2500 | D:4      | Found Zuph's Magic Scroll Shop.
  2503 | D:4      | Bought a scroll of magic mapping for 42 gold pieces
  2503 | D:4      | Bought a scroll of teleportation for 36 gold pieces
  2503 | D:4      | Bought a scroll of remove curse for 36 gold pieces
  2512 | D:4      | Noticed Menkaure
  2541 | D:4      | Found a sand-covered staircase.
  2567 | Ossuary  | Entered an ossuary
  2666 | Ossuary  | Reached XP level 6. HP: 22/32 MP: 7/7
  2888 | Ossuary  | Reached * piety under Okawaru
  2957 | Ossuary  | Reached XP level 7. HP: 35/35 MP: 8/8
  3059 | D:4      | Killed Menkaure
  3215 | D:4      | Found a bloodstained altar of Trog.
  3440 | D:4      | Reached ** piety under Okawaru
  3440 | D:4      | Reached skill level 5 in Short Blades
  3479 | D:4      | Got a heavily jewelled robe
  3771 | D:5      | Entered Level 5 of the Dungeon
  3771 | D:5      | Found Kiufin's Gadget Emporium.
  3822 | D:4      | Gained mutation: You have razor-sharp teeth. [Vine Stalker growth]
  3822 | D:4      | Reached XP level 8. HP: 26/40 MP: 9/9
  3858 | D:5      | Found a shimmering altar of Xom.
  3926 | D:5      | Found a basalt altar of Yredelemnul.
  4150 | D:5      | Identified the +2 robe of a treasure trove {rC+ MR+} (You found it on level 4 of the Dungeon)
  4237 | D:5      | Found an ancient bone altar of Kikubaaqudgha.
  4423 | D:5      | Noticed a moth of wrath
  4426 | D:5      | Noticed Dustman's ghost (novice MiGl)
  4426 | D:5      | Found a bloodstained altar of Trog.
  4484 | D:5      | Killed Dustman's ghost
  4650 | D:5      | Reached XP level 9. HP: 45/45 MP: 10/10
  5022 | D:6      | Reached *** piety under Okawaru
  5152 | D:6      | Found a staircase to the Ecumenical Temple.
  5923 | D:7      | Found a shadowy altar of Dithmenos.
  5996 | D:7      | Noticed Prince Ribbit
  6091 | D:7      | Killed Prince Ribbit
  6091 | D:7      | Reached **** piety under Okawaru
  6125 | D:7      | Identified the Incunabulum of Flames and Weightlessness
  6161 | D:7      | Reached skill level 5 in Shields
  6247 | D:7      | Reached XP level 10. HP: 35/51 MP: 11/11
  6709 | D:7      | Found a basalt altar of Yredelemnul.
  6910 | D:8      | Noticed Grum
  7003 | D:7      | Killed Grum
  7058 | D:8      | Learned a level 4 spell: Summon Lightning Spire
  7064 | D:8      | Learned a level 5 spell: Bolt of Magma
  7445 | D:8      | Reached skill level 5 in Armour
  7530 | D:8      | Reached ***** piety under Okawaru
  7530 | D:8      | Reached skill level 5 in Fighting
  7549 | D:8      | Noticed Erica
  7571 | D:8      | Killed Erica
  7571 | D:8      | Received a gift from Okawaru
  7588 | D:8      | Got a heavily runed ring mail {god gift}
  7609 | D:8      | Identified the +1 ring mail of the Barracuda {-Tele MR+ MP+9} (Okawaru gifted it to you on level 8 of the Dungeon)
  7987 | D:8      | Found a sacrificial altar of Ru.
  8083 | D:8      | Reached XP level 11. HP: 48/55 MP: 9/12
  8114 | D:8      | Found a deep blue altar of Sif Muna.
  8201 | D:9      | Noticed Maurice
  8203 | D:9      | Killed Maurice
  8367 | D:9      | Gained mutation: You occasionally shout uncontrollably at your foes. [mutagenic meat]
  8408 | D:9      | Noticed DrClinical's ghost (novice DrCj)
  8437 | D:9      | Killed from afar by DrClinical's ghost

Skill      XL: |  1  2  3  4  5  6  7  8  9 10 11 |
---------------+----------------------------------+-----
Stealth        | 5 6 7 8 |  8.2
Dodging        | 1 2 3 4 |  4.3
Fighting       | 2 3 4 5 |  5.2
Short Blades   | 2 3 5 6 7 8 |  8.2
Throwing       | 2 |  2.0
Armour         | 1 2 3 4 5 |  5.4
Shields        | 2 5 7 8 |  8.3
Invocations    | |  0.4

Action                   |  1- 3 |  4- 6 |  7- 9 | 10-12 || total
-------------------------+-------+-------+-------+-------++-------
Melee: Dagger            |   111 |   401 |   648 |   420 ||  1580
       Bite              |    31 |   138 |   216 |   157 ||   542
 Fire: Blowgun           |     5 |       |     2 |       ||     7
Invok: Heroism           |       |       |     1 |     1 ||     2
  Use: Potion            |     2 |       |     3 |       ||     5
       Scroll            |       |     4 |       |     7 ||    11
 Stab: Sleeping          |     4 |     5 |     8 |     6 ||    23
       Distracted        |       |       |       |     1 ||     1
  Eat: Chunk             |     1 |     1 |     6 |     4 ||    12
       Beef jerky        |       |     1 |     1 |       ||     2
       Bread ration      |       |     1 |       |     1 ||     2
       Pizza             |       |       |     2 |       ||     2
Armor: Robe              |    13 |       |       |       ||    13
       Chain mail        |    39 |    26 |       |       ||    65
       Scale mail        |       |   160 |   137 |    48 ||   345
       Ring mail         |       |       |       |     2 ||     2
Dodge: Dodged            |    46 |   140 |   114 |    53 ||   353
Block: Other             |       |    56 |    37 |       ||    93
       Reflection        |       |       |     4 |     5 ||     9
       Large shield      |       |       |   285 |   322 ||   607
